 Dungeon Crawl Stone Soup version 0.19-a0-1384-gbb462ca (webtiles) character file.

7171 st0uf the Cruncher (level 11, -2/84 (86) HPs)
             Began as a Formicid Fighter on Sept 3, 2016.
             Was a Priest of Uskayaw.
             Slain by a slime creature (9 damage)
             ... on level 10 of the Dungeon.
             The game lasted 00:46:15 (11139 turns).

st0uf the Cruncher (Formicid Fighter)              Turns: 11139, Time: 00:46:16

HP:   -2/84 (86)    AC: 14    Str: 22    XL:     11   Next: 32%
MP:   15/15         EV:  8    Int:  9    God:    Uskayaw [***...]
Gold: 564           SH: 11    Dex: 11    Spells: 0 memorised, 10 levels left

rFire  + . .     SeeInvis +     a - +0 quarterstaff
rCold  + . .     Gourm    .     l - +0 plate armour
rNeg   . . .     Faith    .     c - +0 shield
rPois  .         Spirit   .     (helmet unavailable)
rElec  .         Dismiss  .     (no cloak)
rCorr  .         Reflect  .     (no gloves)
MR     +....     Harm     .     m - +0 pair of boots
Stlth  ..........               R - amulet of regeneration
                                U - ring of protection from cold
                                J - ring of protection from fire

@: no status effects
A: permanent stasis, dig shafts and tunnels, four strong arms, antennae 3
a: Dig, Shaft Self, Stomp, Line Pass, Renounce Religion


You were on level 10 of the Dungeon.
You worshipped Uskayaw.
Uskayaw was noncommittal.
You were not hungry.

You visited 2 branches of the dungeon, and saw 11 of its levels.
You also visited: Ossuary.

You collected 564 gold pieces.

Inventory:

Hand Weapons
 a - a +0 quarterstaff (weapon)
Armour
 b - a +0 scale mail
 c - a +0 shield (worn)
 l - a +0 plate armour (worn)
 m - a +0 pair of boots (worn)
Jewellery
 J - a ring of protection from fire (left hand)
 K - an uncursed ring of stealth
 R - an amulet of regeneration (around neck)
 U - a ring of protection from cold (right hand)
Wands
 k - a wand of slowing (18/48)
 z - a wand of iceblast (6/15)
 P - a wand of flame (0/48)
 Q - a wand of confusion (22/48)
 V - a wand of teleportation (3/9)
Scrolls
 e - a scroll of enchant armour {unknown}
 h - 8 scrolls of identify
 o - 4 scrolls of fog
 q - a scroll of fear {unknown}
 v - 3 scrolls of remove curse
 x - 2 scrolls of magic mapping {unknown}
 y - 2 scrolls of random uselessness {unknown}
 C - 3 scrolls of enchant weapon {unknown}
 I - a scroll of holy word {unknown}
 M - a scroll of vulnerability {unknown}
 N - a scroll of acquirement {unknown}
 W - a scroll of amnesia {unknown}
Potions
 d - 5 potions of might
 j - a potion of resistance
 n - 2 potions of heal wounds
 p - 3 potions of flight {unknown}
 r - a potion of haste
 t - a potion of ambrosia {unknown}
 u - a potion of brilliance {unknown}
 A - 4 potions of degeneration {unknown}
 B - 3 potions of curing
 E - a potion of lignification {unknown}
 F - 2 potions of berserk rage {unknown}
 G - a potion of cancellation {unknown}
 H - 2 potions of mutation {unknown}
 L - a potion of agility
 T - a potion of cure mutation {unknown}
Books
 w - Sif Muna's Tome of Conjuration
   (You found it on level 3 of the Dungeon)

   Spells                             Type                      Level
   a - Flame Tongue                   Conjuration/Fire             1
 D - a Young Poisoner's Handbook

   Spells                             Type                      Level
   a - Sting                          Conjuration/Poison           1
   b - Mephitic Cloud                 Conjuration/Poison/Air       3
   c - Olgreb's Toxic Radiance        Poison                       4
   d - Alistair's Intoxication        Transmutation/Poison         5
   e - Venom Bolt                     Conjuration/Poison           5
 S - a book of Minor Magic

   Spells                             Type                      Level
   a - Magic Dart                     Conjuration                  1
   b - Blink                          Translocation                2
   c - Call Imp                       Summoning                    2
   d - Repel Missiles                 Charms/Air                   2
   e - Slow                           Hexes                        2
   f - Conjure Flame                  Conjuration/Fire             3
   g - Mephitic Cloud                 Conjuration/Poison/Air       3
Comestibles
 f - 4 bread rations
 g - 4 meat rations
 i - 3 beef jerkies
 s - 32 fruits
 O - 3 chunks of flesh


   Skills:
 + Level 8.2 Fighting
 * Level 9.4 Staves
 + Level 7.6 Armour
 + Level 5.3 Dodging
 + Level 8.6 Shields
 + Level 6.6 Invocations


You had 10 spell levels left.
You didn't know any spells.

Dungeon Overview and Level Annotations

Branches:
Dungeon (10/15)            Temple (1/1) D:4
   Lair: D:8-11         Orc: D:9-12

Altars:
Ashenzari
Cheibriados
Dithmenos
Elyvilon
Fedhas
Gozag
Hepliaklqana
Kikubaaqudgha
Makhleb
Nemelex Xobeh
Okawaru
Qazlal
Sif Muna
Trog
Uskayaw
Vehumet
Xom
Yredelemnul
Zin
The Shining One

Annotations:
D:7 exclusion: downstairs


Innate Abilities, Weirdness & Mutations

You are under a permanent stasis effect.
You can dig through walls and to a lower floor.
Your four strong arms can wield two-handed weapons with a shield.
You have a pair of large antennae on your head. (SInv)


Message History

You hit the slime creature.
The slime creature is lightly wounded.
Uskayaw prepares the audience for your solo!
The helpless slime creature fails to defend itself.
You sock the slime creature!
The slime creature is moderately wounded.
The helpless slime creature fails to defend itself.
You bludgeon the slime creature!!
The slime creature is severely wounded.
The slime creature is no longer paralysed.
The slime creature hits you.
* * * LOW HITPOINT WARNING * * *
Your plate armour prevents you from hitting the slime creature.
The slime creature is severely wounded.
The slime creature hits you!
* * * LOW HITPOINT WARNING * * *
You sock the slime creature!
The slime creature is severely wounded.
The slime creature hits you!
You die...

{ {
#######
{#.>@..#
#...J.#
#.....#
#.....#
#.....#
#.....#
#+#####


You could see a slime creature.

Vanquished Creatures
  The ghost of Ruebezahl the Skirmisher, a novice GrCK of Xom (D:5)
  A two-headed ogre (D:8)
  3 slime creatures
  A wyvern (D:9)
  8 yaks (D:9)
  A hippogriff (D:9)
  The ghost of Ruebezahl the Skirmisher, an amateur GrCK of Xom (D:4)
  7 orc warriors
  4 black bears
  3 phantoms
  An ice beast (D:9)
  A necrophage (D:8)
  2 ogres
  3 centaurs
  A big kobold (D:8)
  4 giant frogs
  A wyvern zombie (D:7)
  2 scorpions
  A howler monkey (D:8)
  5 crimson imps
  3 centaur zombies (Ossuary)
  A giant frog zombie (D:8)
  7 hounds
  A centaur skeleton (D:8)
  A gnoll shaman (D:6)
  2 jellies
  A quasit (D:7)
  7 orc priests
  4 giant frog skeletons
  2 human zombies (Ossuary)
  Jessica (D:3)
  Terence (D:3)
  4 iguanas
  12 orc wizards
  Natasha (thrice) (D:3)
  5 worker ants
  2 big kobold zombies (Ossuary)
  3 mummies (Ossuary)
  A howler monkey zombie (D:7)
  2 worker ant zombies
  8 gnolls
  10 adders
  5 shadow imps
  An ooze (D:1)
  3 adder zombies (Ossuary)
  An adder skeleton (D:4)
  3 worms
  A dart slug (D:1)
  2 giant geckos (D:5)
  43 orcs
  2 giant cockroaches
  9 goblins
  4 hobgoblins
  4 jackals
  5 quokkas
  2 ball pythons (D:2)
  8 bats
  4 giant newts
  2 goblin zombies (Ossuary)
  2 hobgoblin zombies (Ossuary)
  8 jackal zombies (Ossuary)
  11 kobolds
  2 kobold zombies (Ossuary)
  An orc zombie (Ossuary)
  4 quokka zombies (Ossuary)
  A rat (D:3)
  3 rat zombies (Ossuary)
263 creatures vanquished.

Notes
Turn   | Place    | Note
-------+----------+-------------------------------------------
     0 | D:1      | st0uf the Formicid Fighter began the quest for the Orb.
     0 | D:1      | Reached XP level 1. HP: 18/18 MP: 1/1
   343 | D:1      | Reached XP level 2. HP: 23/24 MP: 2/2
   687 | D:2      | Reached skill level 1 in Dodging
   687 | D:2      | Reached XP level 3. HP: 16/29 MP: 3/3
  1235 | D:2      | Found a bloodstained altar of Trog.
  1321 | D:2      | Reached XP level 4. HP: 29/37 MP: 4/4
  1425 | D:2      | Found a faded altar of an unknown god.
  1578 | D:2      | Reached skill level 3 in Staves
  1600 | D:2      | Found a deep blue altar of Sif Muna.
  1668 | D:3      | Noticed Terence
  1680 | D:3      | Killed Terence
  1714 | D:3      | Noticed Natasha
  1725 | D:3      | Killed Natasha
  1725 | D:3      | Reached XP level 5. HP: 33/42 MP: 5/5
  2289 | D:3      | Found a basalt altar of Yredelemnul.
  2293 | D:3      | Noticed Natasha
  2308 | D:3      | Killed Natasha
  2471 | D:3      | Noticed Natasha
  2538 | D:2      | Reached XP level 6. HP: 29/48 MP: 6/6
  2699 | D:3      | Killed Natasha
  2863 | D:3      | Reached skill level 4 in Staves
  2930 | D:3      | Identified Sif Muna's Tome of Conjuration
  3081 | D:3      | Noticed Jessica
  3098 | D:3      | Killed Jessica
  3212 | D:3      | Found a deep blue altar of Sif Muna.
  3441 | D:4      | Reached XP level 7. HP: 53/55 MP: 7/7
  3444 | D:4      | Noticed Ruebezahl's ghost (amateur GrCK)
  3796 | D:4      | Killed Ruebezahl's ghost
  4055 | D:4      | Reached skill level 5 in Staves
  4055 | D:4      | Reached skill level 5 in Shields
  4310 | D:4      | Found a staircase to the Ecumenical Temple.
  4319 | Temple   | Entered the Ecumenical Temple
  4433 | Temple   | Became a worshipper of Uskayaw the Reveler
  4541 | D:4      | Reached * piety under Uskayaw
  4590 | D:5      | Entered Level 5 of the Dungeon
  4674 | D:5      | Reached skill level 5 in Fighting
  4674 | D:5      | Reached ** piety under Uskayaw
  4683 | D:5      | Reached skill level 1 in Invocations
  4691 | D:5      | Reached XP level 8. HP: 62/62 MP: 8/8
  4783 | D:5      | Reached *** piety under Uskayaw
  4792 | D:5      | Reached **** piety under Uskayaw
  4795 | D:5      | Noticed Ruebezahl's ghost (novice GrCK)
  4851 | D:5      | Reached skill level 5 in Armour
  5440 | D:5      | Killed Ruebezahl's ghost
  5440 | D:5      | Reached skill level 6 in Staves
  5440 | D:5      | Reached XP level 9. HP: 18/69 MP: 8/11
  6035 | D:6      | Found an opulent altar of Gozag.
  7374 | D:7      | Reached skill level 7 in Staves
  8570 | D:7      | Reached XP level 10. HP: 68/77 MP: 13/13
  8796 | D:8      | Found a sand-covered staircase.
  8808 | Ossuary  | Entered an ossuary
  8845 | Ossuary  | Reached skill level 5 in Invocations
  9251 | D:8      | Reached skill level 8 in Staves
  9623 | D:8      | Found an ancient bone altar of Kikubaaqudgha.
 10531 | D:9      | Reached XP level 11. HP: 83/83 MP: 15/15
 10559 | D:9      | Reached skill level 9 in Staves
 10559 | D:9      | Reached skill level 5 in Dodging
 10567 | D:9      | Reached ***** piety under Uskayaw
 11051 | D:10     | Entered Level 10 of the Dungeon
 11139 | D:10     | Slain by a slime creature

Vault maps used:
D:1:      eino_arrival_cavern_d
D:2:      lemuel_crystal_altar, nicolae_ru_path_of_blood, lemuel_round_altar,
          ecumenical_altar_2
D:3:      overflow_temple_1_default, first_bread,
          hangedman_abyss_or_decor_lesser_grid, led_sif_book, uniq_natasha,
          uniq_jessica, uniq_terence
D:4:      kennysheep_the_goblin_king
D:6:      nicolae_gozag_seed_capital
D:8:      kennysheep_mini_moat, lightli_ossuary_entry_decrepit_ruins,
          blue_anna_alchemist
Temple:   regret_index_temple_waves
Ossuary:  minmay_ossuary_two_tombs

Skill      XL: |  1  2  3  4  5  6  7  8  9 10 11 |
---------------+----------------------------------+-----
Dodging        | 1 2 3 4 5 |  5.3
Staves         | 3 4 5 6 7 8 9 |  9.4
Shields        | 4 5 6 7 8 |  8.6
Fighting       | 4 5 6 7 8 |  8.2
Armour         | 4 5 6 7 |  7.6
Invocations    | 1 2 4 6 |  6.6

Action                   |  1- 3 |  4- 6 |  7- 9 | 10-12 || total
-------------------------+-------+-------+-------+-------++-------
Melee: Quarterstaff      |   160 |   289 |   583 |   591 ||  1623
 Abil: Dig               |       |     2 |     8 |     1 ||    11
  Use: Scroll            |     5 |     3 |       |       ||     8
       Potion            |       |       |     2 |       ||     2
 Stab: Paralysed         |       |       |     3 |    21 ||    24
  Eat: Chunk             |     2 |     7 |    18 |     9 ||    36
       Fruit             |       |       |     1 |       ||     1
Armor: Scale mail        |     4 |       |       |       ||     4
       Plate armour      |    96 |   165 |   249 |   176 ||   686
Dodge: Dodged            |    38 |    54 |   107 |   108 ||   307
Block: Shield            |    79 |   115 |   261 |   228 ||   683
